 Dungeon Crawl Stone Soup version 0.28.0-43-g3370ac3207 (webtiles) character file.

Game seed: 1517624811112621035

376 experimilk the Grave Robber (level 6, -1/47 HPs)
             Began as a Hill Orc Necromancer on Mar 4, 2022.
             Was an Initiate of Beogh.
             Slain by an iguana (11 damage)
             ... on level 5 of the Dungeon.
             The game lasted 00:20:30 (5687 turns).

experimilk the Grave Robber (Hill Orc Necromancer)  Turns: 5687, Time: 00:20:31

Health: -1/47      AC:  5    Str: 11    XL:     6   Next: 73%
Magic:  2/8        EV: 11    Int: 17    God:    Beogh [......]
Gold:   255        SH:  0    Dex: 11    Spells: 3/8 levels left

rFire   . . .      SeeInvis .   d - +3 spear (vorpal)
rCold   . . .      Faith    .   (no shield)
rNeg    . . .      Spirit   .   l - +0 leather armour
rPois   .          Reflect  .   b - +0 helmet
rElec   .          Harm     .   (no cloak)
rCorr   .          Rampage  .   g - +0 pair of gloves
Will    +....                   (no boots)
Stlth   +.........              (no amulet)
HPRegen 0.15/turn               e - ring of willpower
MPRegen 0.11/turn               (no ring)

@: studying Polearms
A: no striking features
a: Renounce Religion


You were on level 5 of the Dungeon.
You worshipped Beogh.
Beogh was noncommittal.
You visited 1 branch of the dungeon, and saw 6 of its levels.

You collected 255 gold pieces.

Inventory:

Hand Weapons
 c - a +0 club
 d - a +3 vorpal spear (weapon)
Armour
 a - a +0 robe
 b - a +0 helmet (worn)
 g - a +0 pair of gloves (worn)
 l - a +0 leather armour (worn)
Jewellery
 e - a ring of willpower (left hand)
Wands
 i - a wand of flame (8)
Scrolls
 f - 4 scrolls of identify
Potions
 j - 3 potions of brilliance
 k - 2 potions of might {unknown}
 m - a potion of mutation {unknown}


   Skills:
 - Level 1.6 Fighting
 + Level 4.5 Polearms
 - Level 1.0 Armour
 + Level 1.9 Dodging
 - Level 1.5 Stealth
 - Level 1.5 Spellcasting
 * Level 6.3 Necromancy
 + Level 1.7 Evocations


You had 3 spell levels left.
You knew the following spells:

 Your Spells              Type           Power      Damage    Failure   Level
a - Pain                  Necr           88%        1d8       1%          1
b - Animate Skeleton      Necr           44%        N/A       1%          1
c - Vampiric Draining     Necr           22%        2d7       6%          3

Your spell library contained the following spells:

 Spells                   Type           Power      Damage    Failure   Level
 Animate Dead             Necr           11%        N/A       21%         4
 Agony                    Necr           22%        N/A       50%         5
 Malign Gateway           Summ/Tloc      0%         N/A       100%        7
 Summon Horrible Things   Summ           0%         N/A       100%        8


Dungeon Overview and Level Annotations

Branches:
Dungeon (6/15)
 Temple: D:4-7

Altars:

Shops:
D:1 :[!   D:2 [

Annotations:
D:2 Terence
D:3 2 runed translucent doors, jr88keys's ghost, amateur OpFi
D:5 Duvessa


Message History

You barely miss the gnoll.
The gnoll is severely wounded.
The water moccasin zombie barely misses you.
The gnoll barely misses you.
You hit the gnoll.
You kill the gnoll!
Beogh accepts your kill. The water moccasin zombie bites you.
Your gnoll skeleton hits the water moccasin zombie with a +0 club!
The water moccasin zombie bites you.
Press: ? - help, v - describe, . - travel, g - get item Item here: a +0 club.
The floor, spattered with blood.
You hit the water moccasin zombie.
The water moccasin zombie is moderately damaged.
The iguana bites you.
Your gnoll skeleton hits the water moccasin zombie with a +0 club!
You closely miss the water moccasin zombie.
The water moccasin zombie is heavily damaged.
The water moccasin zombie bites you but does no damage.
The iguana bites you.
* * * LOW HITPOINT WARNING * * *
The water moccasin zombie bites you.
* * * LOW HITPOINT WARNING * * *
You feel better.
Your gnoll skeleton hits the water moccasin zombie with a +0 club.
The iguana bites you!
* * * LOW HITPOINT WARNING * * *
The water moccasin zombie bites you.
* * * LOW HITPOINT WARNING * * *
You feel better. The iguana closely misses you.
Your gnoll skeleton hits the water moccasin zombie with a +0 club.
The water moccasin zombie bites you.
* * * LOW HITPOINT WARNING * * *
You hit the water moccasin zombie.
The water moccasin zombie is severely damaged.
The water moccasin zombie bites you.
* * * LOW HITPOINT WARNING * * *
The iguana bites you!
You die...

######## #......# ######
#......# .....# #......#
#########.....#
#......###.............#
#......##..............#
#...####.).....@l.>....#
#.#.# ......)ZZ......#
#.#.# ...............#
#<#.# ..........[....#
##.#.# ...............#
.#.#.# #............#.#
.(...# ##..........## .
#..### #########..#
#..######### #..


You could see an iguana, a water moccasin zombie (ally target) and a friendly
gnoll skeleton.

Vanquished Creatures
  A black bear (D:4)
  A scorpion (D:5)
  A jelly (D:6)
  A bullfrog skeleton (D:4)
  3 gnolls (D:5)
  7 adders
  An adder skeleton (D:4)
  4 dart slugs
  An orc (D:3)
  8 ball pythons
  6 bats
  6 endoplasms
  2 giant cockroaches (D:2)
  7 goblins
  4 hobgoblins
  2 jackals (D:3)
  7 kobolds
  A quokka (D:1)
  2 frilled lizards
  6 rats
71 creatures vanquished.

Vanquished Creatures (collateral kills)
  2 ball pythons
2 creatures vanquished.

Vanquished Creatures (others)
  An orc (D:5)
  A plant (D:2)
2 creatures vanquished.

Grand Total: 75 creatures vanquished

Notes
Turn   | Place    | Note
-------+----------+-------------------------------------------
     0 | D:1      | experimilk the Hill Orc Necromancer began the quest for the
                  | Orb.
     0 | D:1      | Reached XP level 1. HP: 14/14 MP: 3/3
    73 | D:1      | Learned a level 1 spell: Animate Skeleton
   305 | D:1      | Found Sydebiro's Book Shop.
   315 | D:1      | Reached XP level 2. HP: 16/20 MP: 0/4
   795 | D:1      | Found Miobah's Distillery.
   816 | D:1      | Found Fokhlol's Armour Shop.
  1490 | D:1      | Found a faded altar of an unknown god.
  1803 | D:2      | Found Haeg's Antique Armour Emporium.
  1890 | D:2      | Reached XP level 3. HP: 26/26 MP: 1/5
  1928 | D:2      | Noticed Terence
  2036 | D:2      | Reached skill level 5 in Necromancy
  2245 | D:2      | Learned a level 3 spell: Vampiric Draining
  3175 | D:3      | Reached XP level 4. HP: 31/34 MP: 2/6
  3640 | D:3      | Found a large runed translucent door.
  3640 | D:3      | Found a large runed translucent door.
  3657 | D:3      | Noticed jr88keys's ghost (amateur OpFi)
  3984 | D:4      | Noticed a black bear
  3996 | D:4      | Killed a black bear
  3997 | D:4      | Reached skill level 1 in Fighting
  3997 | D:4      | Reached skill level 6 in Necromancy
  3997 | D:4      | Reached XP level 5. HP: 21/40 MP: 1/7
  4677 | D:4      | Reached skill level 1 in Armour
  4677 | D:4      | Reached skill level 1 in Evocations
  4677 | D:4      | Reached XP level 6. HP: 41/47 MP: 8/8
  4925 | D:5      | Entered Level 5 of the Dungeon
  5212 | D:5      | Became a worshipper of Beogh the Brigand
  5328 | D:5      | Noticed Duvessa
  5687 | D:5      | Slain by an iguana

Illustrated notes

Levels and vault maps discovered:
D:1:      sevenhm_arrival_forest_fort_large_4, layout_loops_ring,
          shapermc_ecumenical_altar_pompeii, serial_shops,
          nicolae_shop_temple_entry_statues_fountains,
          nicolae_shop_hallway_plus, shop
D:2:      layout_basic, serial_shops, shop_statue, minmay_shallow_snake_nest,
          uniq_terence
D:3:      layout_rooms, ebering_ghost_disaster_area
D:4:      layout_rooms
D:5:      layout_rooms, dk_noncrumbling_2, uniq_duvessa, uniq_menkaure
D:6:      cheibrodos_barr_body, layout_rooms, minmay_temple_entry_junction_2

Skill      XL: |  1  2  3  4  5 |
---------------+----------------+-----
Necromancy     | 5 6 |  6.3
Fighting       | 1 |  1.6
Polearms       | 3 4 |  4.5
Armour         | 1 |  1.0
Evocations     | 1 |  1.7
Dodging        | |  1.9
Stealth        | |  1.5
Spellcasting   | |  1.5

Action                   |  1- 3 |  4- 6 || total
-------------------------+-------+-------++-------
Melee: Unarmed           |    18 |       ||    18
       Spear             |    25 |    40 ||    65
       Punch             |     1 |       ||     1
 Cast: Pain              |    62 |    52 ||   114
       Animate Skeleton  |     8 |     4 ||    12
       Vampiric Draining |       |     3 ||     3
Invok: Convert to Beogh  |       |     1 ||     1
Evoke: Wand              |       |     9 ||     9
  Use: Scroll            |     3 |     4 ||     7
       Potion            |       |     2 ||     2
 Stab: Sleeping          |     1 |       ||     1
Armor: Robe              |    12 |     1 ||    13
       Leather armour    |       |    19 ||    19
Dodge: Dodged            |    30 |    33 ||    63
